 Dungeon Crawl Stone Soup version 0.32-a0-814-g0968bab981 (webtiles) character file.

Game seed: 4954963347494802237

65 prawn the Grave Robber (level 3, -1/24 HPs)
             Began as a Vampire Necromancer on Mar 23, 2024.
             Slain by an orc
             ... wielding a +0 hand axe
              (5 damage)
             ... on level 3 of the Dungeon.
             The game lasted 00:11:57 (2119 turns).

prawn the Grave Robber (Vampire Necromancer)        Turns: 2119, Time: 00:11:57

Health: -1/24      AC:  2    Str:  7    XL:     3   Next: 92%
Magic:  5/6        EV: 12    Int: 19    God:
Gold:   87         SH:  0    Dex: 14    Spells: 3/7 levels left

rFire   . . .        f - +2 short sword (drain)
rCold   . . .        (no shield)
rNeg    . . .        a - +0 robe
rPois   .            (no helmet)
rElec   .            (no cloak)
rCorr   .            (no gloves)
SInv    +            (no boots)
Will    .....        (no amulet)
Stlth   +++          (no ring)
HPRegen 0.44/turn    (no ring)
MPRegen 0.10/turn

%: no passive effects
@: healing quickly
A: alive, fangs 3, see invisible, vampiric 2
a: Exsanguinate


You were on level 3 of the Dungeon.
You visited 1 branch of the dungeon, and saw 3 of its levels.

You collected 87 gold pieces.

Inventory:

Hand Weapons
 f - a +2 short sword of draining (weapon)
 g - a +0 spectral quarterstaff
Armour
 a - a +0 robe (worn)
Scrolls
 c - a scroll of teleportation {unknown}
 e - 3 scrolls of identify {unknown}
 i - a scroll of poison {unknown}
 j - a scroll of fear {unknown}
 k - a scroll of blinking {unknown}
Potions
 b - 2 potions of magic
 d - a potion of curing {unknown}
 h - a potion of cancellation {unknown}


   Skills:
 + Level 3.0 Dodging
 + Level 4.2 Stealth
 + Level 2.6 Spellcasting
 + Level 4.8 Necromancy


You had 3 spell levels left.
You knew the following spells:

 Your Spells              Type           Power      Damage    Failure   Level
a - Necrotise             Necr           84%        1d8       2%          1
b - Vampiric Draining     Necr           21%        2d7       6%          3

Your spell library contained the following spells:

 Spells                   Type           Power      Damage    Failure   Level
 Scorch                   Fire           4%         2d5       24%         2
 Animate Dead             Necr           21%        N/A       22%         4
 Curse of Agony           Necr           21%        N/A       52%         5
 Flame Wave               Conj/Fire      2%         2d4       85%         4
 Summon Cactus Giant      Summ           1%         N/A       100%        6


Dungeon Overview and Level Annotations

Branches:
Dungeon (3/15)

Altars:

Shops:
D:1 (


Innate Abilities, Weirdness & Mutations

Your natural rate of healing is accelerated.
You have razor-sharp teeth.
You have supernaturally acute eyesight. (SInv)
You are afflicted with vampirism and can become a bat while bloodless.


Message History

The quokka barely misses you.
You hit the quokka.
The quokka is almost dead.
The quokka bites you.
You closely miss the quokka.
The quokka is severely wounded.
The quokka barely misses you.
The quokka bites you but does no damage.
You closely miss the quokka.
The quokka is severely wounded.
The quokka bites you. The orc hits you but does no damage.
You closely miss the quokka.
The quokka is severely wounded.
The quokka closely misses you. The orc barely misses you.
You barely miss the quokka.
The quokka is severely wounded.
The quokka barely misses you. The orc barely misses you.
You hit the quokka.
You kill the quokka!
You barely miss the orc. The orc misses you.
The orc hits you with a +0 hand axe. The orc hits you with a +0 whip.
You hit the orc. You drain the orc.
The orc is severely wounded.
The orc hits you with a +0 hand axe. The orc closely misses you.
The orc hits you with a +0 whip.
You closely miss the orc. You bite the orc, but do no damage.
The orc is severely wounded.
The orc closely misses you. The orc misses you.
The orc hits you with a +0 flail!
* * * LOW HITPOINT WARNING * * *
You hit the orc.
You kill the orc!
The orc closely misses you. The orc hits you with a +0 hand axe.
* * * LOW HITPOINT WARNING * * *
You hit the orc.
The orc is severely wounded.
The orc hits you with a +0 dagger.
* * * LOW HITPOINT WARNING * * *
The orc hits you with a +0 hand axe.
You die...

.# #..#..# .## #
..####..#..####.# #.
....%............ ...
.......##.#.##.### #...
###.....##.........
..... ..o.......#.##.###
#.....##o##..##.#.##.###
..<.(oo@o..).>.......†..
......##..#..##.#..#.###
...## #..#..##.#..### #
#..#..##.#..#
#..#..##.#..#
............#
..)..........#
#########<####


You could see an orc wizard and 4 orcs.

Vanquished Creatures
  An adder (D:2)
  3 ribbon worms
  An orc (D:3)
  6 ball pythons
  2 endoplasms (D:1)
  6 goblins (D:1)
  A hobgoblin (D:2)
  3 jackals (D:1)
  4 kobolds (D:2)
  5 quokkas
  3 bats
  3 frilled lizards
  4 rats (D:1)
42 creatures vanquished.

Vanquished Creatures (collateral kills)
  A jackal (D:1)
  A frilled lizard (D:1)
  A rat (D:1)
3 creatures vanquished.

Grand Total: 45 creatures vanquished

Notes
Turn   | Place    | Note
-------+----------+-------------------------------------------
     0 | D:1      | prawn the Vampire Necromancer began the quest for the Orb.
     0 | D:1      | Reached XP level 1. HP: 13/13 MP: 3/3
   245 | D:1      | Reached XP level 2. HP: 19/19 MP: 1/5
   510 | D:1      | Found Yjuxoiv's Antique Weapon Emporium.
  1347 | D:2      | Gained mutation: You are afflicted with vampirism and can
                  | become a bat while bloodless. [Vampire growth]
  1347 | D:2      | Reached XP level 3. HP: 24/24 MP: 4/6
  1351 | D:2      | Learned a level 3 spell: Vampiric Draining
  1724 | D:2      | Found a faded altar of an unknown god.
  2119 | D:3      | Slain by an orc

Illustrated notes

Levels and vault maps discovered:
D:1:      heliophobic_arrival_glass_houses, layout_loops_ring, serial_shops,
          shop
D:2:      layout_basic, chequers_ecumenical_altar_simple_redux,
          kennysheep_generic_room_16
D:3:      layout_basic, st_stairs_8, minmay_rat_hole

Skill      XL: |  1  2  3 |
---------------+----------+-----
Stealth        | 4 |  4.2
Dodging        | 3 |  3.0
Spellcasting   | |  2.6
Necromancy     | |  4.8

Action                     || total
---------------------------++-------
  Melee: Unarmed           ||    18
         Bite              ||     6
         Short sword       ||    45
   Cast: Necrotise         ||    39
         Vampiric Draining ||     5
   Stab: Sleeping          ||     3
 Armour: Robe              ||    41
  Dodge: Dodged            ||    55

Table legend: (Time is in decaauts)
 A = Elapsed time spent in this place.
 B = Non-inter-level travel time spent in this place.
 C = Inter-level travel time spent in this place.
 D = Time resting spent in this place.
 E = Time spent auto-exploring this place.
 F = Levels seen in this place.
 G = Mean time per level.
                   A        B        C        D        E       F      G
               +--------+--------+--------+--------+--------+-----+--------+
         Total |   2122 |   2098 |     24 |      0 |   1586 |   3 |  707.3 |
       Dungeon |   2122 |   2098 |     24 |      0 |   1586 |   3 |  707.3 |
               +--------+--------+--------+--------+--------+-----+--------+

Top non-repeatable levels by time:
     D:1: 1345 daAuts
     D:2: 733 daAuts
     D:3: 43 daAuts
